 Dungeon Crawl Stone Soup version 0.27.0-1-g7a089689b8 (webtiles) character file.

Game seed: 15585568312229436685

655 dolemite99 the Ruffian (level 7, -7/59 HPs)
             Began as a Troll Necromancer on Aug 3, 2021.
             Was a Follower of Yredelemnul.
             Killed by an exploding killer bee (35 damage)
             ... ignited by their inner flame
             ... on level 5 of the Dungeon.
             The game lasted 00:04:41 (3581 turns).

dolemite99 the Ruffian (Troll Necromancer)          Turns: 3581, Time: 00:04:42

Health: -7/59      AC:  4    Str: 19    XL:     7   Next: 29%
Magic:  7/7        EV:  9    Int: 11    God:    Yredelemnul [*.....]
Gold:   299        SH:  0    Dex: 10    Spells: 3/8 levels left

rFire    . . .     SeeInvis .     - Unarmed
rCold    . . .     Faith    .   (no shield)
rNeg     . . .     Spirit   .   a - +0 robe
rPois    .         Reflect  .   (helmet restricted)
rElec    .         Harm     .   (no cloak)
rCorr    .         Rampage  .   (gloves unavailable)
Will     .....                  (boots unavailable)
Stlth    +.........             q - amulet of regeneration
HPRegen  2.19/turn              (no ring)
MPRegen  0.10/turn              (no ring)

@: lethally poisoned (-7 -> -7)
A: large, unfitting armour, claws 3, regeneration 1, shaggy fur 1, tough skin 1
a: Renounce Religion, Animate Remains


You were on level 5 of the Dungeon.
You worshipped Yredelemnul.
Yredelemnul was aware of your devotion.
You visited 1 branch of the dungeon, and saw 5 of its levels.

You collected 299 gold pieces.

Inventory:

Hand Weapons
 r - a +1 dagger of holy wrath
Missiles
 b - 164 stones
 p - 2 atropa-tipped darts
 t - 2 boomerangs (quivered)
 v - a throwing net
 x - 20 sling bullets
Armour
 a - a +0 robe (worn)
Jewellery
 i - a ring of magical power
 q - an amulet of regeneration (around neck)
Wands
 y - a wand of paralysis (7)
Scrolls
 h - a scroll of fog
 m - a scroll of enchant weapon {unknown}
 o - a scroll of blinking {unknown}
 s - a scroll of magic mapping {unknown}
 u - a scroll of teleportation {unknown}
 w - a scroll of noise {unknown}
Potions
 d - a potion of attraction {unknown}
 e - a potion of magic {unknown}
 f - a potion of flight
 j - a potion of degeneration
 n - 3 potions of curing
 z - a potion of mutation {unknown}


   Skills:
 - Level 3.0 Throwing
 - Level 1.5 Dodging
 - Level 1.0 Stealth
 + Level 7.0 Unarmed Combat
 - Level 1.2 Spellcasting
 - Level 3.2 Necromancy


You had 3 spell levels left.
You knew the following spells:

 Your Spells              Type           Power      Damage    Failure   Level
a - Pain                  Necr           28%        1d5       9%          1
b - Animate Skeleton      Necr           14%        N/A       9%          1
c - Vampiric Draining     Necr           3%         2d6       26%         3

Your spell library contained the following spells:

 Spells                   Type           Power      Damage    Failure   Level
 Passwall                 Tmut/Erth      0%         N/A       43%         2
 Swiftness                Air            0%         N/A       67%         3
 Animate Dead             Necr           3%         N/A       63%         4
 Agony                    Necr           7%         N/A       93%         5
 Invisibility             Hex            0%         N/A       100%        6


Dungeon Overview and Level Annotations

Branches:
Dungeon (5/15)
 Temple: D:4-7

Altars:
Sif Muna
Yredelemnul


Innate Abilities, Weirdness & Mutations

You are too large for most types of armour.
You have claws for hands.
Your natural rate of healing is unusually fast.
You are covered in fur. (AC +1)
You have tough skin. (AC +1)


Message History

Okay, then.
You barely miss the killer bee. The killer bee stings you.
As you read the scroll labelled ULLAYG YSAHUE, it crumbles to dust.
The creatures around you are filled with an inner flame!
It was a scroll of immolation.
The killer bee closely misses you. The killer bee barely misses you.
The killer bee closely misses you. The killer bee stings you.
You are poisoned.
The killer bee poisons you! The killer bee barely misses you.
You feel better. The killer bee barely misses you. x2
The killer bee closely misses you. x2
Something closely misses your ice beast.
The killer bee stings you but does no damage.
The killer bee stings you. The killer bee barely misses you.
Your ice beast hits the killer bee.
Flame seeps out of the killer bee.
Your ice beast freezes the killer bee!
Flame seeps out of the killer bee.
The killer bee stings you.
You are poisoned.
The killer bee poisons you!
You feel sick. The killer bee stings you.
Something stings your ice beast but does no damage.
The killer bee stings you. The killer bee barely misses you.
Something stings your ice beast but does no damage.
The killer bee stings you but does no damage.
The killer bee stings you. The killer bee closely misses you.
Your ice beast hits the killer bee.
Flame seeps out of the killer bee.
Your ice beast freezes the killer bee!
Yredelemnul accepts your kill.
The killer bee explodes!
The fiery explosion engulfs the killer bee!
Yredelemnul accepts your kill.
The fiery explosion engulfs your ice beast!!!
Your ice beast melts!
You kill your ice beast!
The fiery explosion engulfs the killer bee!!
Yredelemnul accepts your kill. The fiery explosion engulfs you!!
Ouch! That really hurt!
You die...
Your body rises from the dead as a mindless zombie.

#...)).......
#..........##
####)........
#####'########
###++####....>.....#
#
≈≈..≈≈≈#......###..#
#≈ #..##≈#......#
#≈#♣.y♣#≈#......#
+.....@§.'....).#
+...§§§§.†......#
#≈#♣§§♣#≈#......#
#≈##§§##≈#......#
#≈≈§§§Y§≈#......#
####§§####......#
#.§§# ######## #y###
#.


You could see a killer bee (inner flame).

Vanquished Creatures
  A sky beast (D:5)
  2 water moccasin zombies (D:4)
  A water moccasin skeleton (D:5)
  A jelly (D:5)
  2 killer bees (D:5)
  2 hounds (D:4)
  2 orc priests
  4 orc wizards
  The ghost of rogsnak the Firebug, a weakling DsFE (D:4)
  A gnoll (D:1)
  2 adders
  An adder skeleton (D:4)
  2 dart slugs
  18 orcs
  9 ball pythons
  5 endoplasms
  A giant cockroach (D:1)
  3 goblins
  3 hobgoblins
  12 jackals
  3 quokkas
  2 bats
  4 frilled lizards
  3 kobolds (D:1)
  4 rats
89 creatures vanquished.

Vanquished Creatures (collateral kills)
  A killer bee (D:5)
1 creature vanquished.

Grand Total: 90 creatures vanquished

Notes
Turn   | Place    | Note
-------+----------+-------------------------------------------
     0 | D:1      | dolemite99 the Troll Necromancer began the quest for the
                  | Orb.
     0 | D:1      | Reached XP level 1. HP: 16/16 MP: 1/1
    84 | D:1      | Reached skill level 1 in Unarmed Combat
   139 | D:1      | Reached XP level 2. HP: 24/24 MP: 0/2
   334 | D:1      | Reached skill level 2 in Unarmed Combat
   495 | D:1      | Reached XP level 3. HP: 30/31 MP: 1/3
   615 | D:1      | Reached skill level 3 in Unarmed Combat
  1797 | D:3      | Reached XP level 4. HP: 38/39 MP: 0/4
  1799 | D:3      | Reached skill level 4 in Unarmed Combat
  2368 | D:3      | Found a shimmering blue altar of Sif Muna.
  2469 | D:3      | Reached XP level 5. HP: 43/45 MP: 5/5
  2504 | D:4      | Found a runed translucent gate.
  2504 | D:4      | Found a runed translucent gate.
  2504 | D:4      | Found a runed translucent gate.
  2504 | D:4      | Noticed rogsnak's ghost (weakling DsFE)
  2506 | D:4      | Found a basalt altar of Yredelemnul.
  2529 | D:4      | Reached skill level 5 in Unarmed Combat
  2541 | D:4      | Reached XP level 6. HP: 25/53 MP: 6/6
  2547 | D:4      | Became a worshipper of Yredelemnul the Dark
  2574 | D:4      | Killed rogsnak's ghost
  2575 | D:4      | Reached skill level 6 in Unarmed Combat
  3153 | D:4      | Learned a level 1 spell: Animate Skeleton
  3157 | D:4      | Learned a level 3 spell: Vampiric Draining
  3177 | D:5      | Entered Level 5 of the Dungeon
  3266 | D:5      | Noticed a sky beast
  3301 | D:5      | Killed a sky beast
  3302 | D:5      | Reached skill level 1 in Throwing
  3302 | D:5      | Reached XP level 7. HP: 48/59 MP: 7/7
  3542 | D:5      | Reached * piety under Yredelemnul
  3552 | D:5      | Reached skill level 7 in Unarmed Combat
  3581 | D:5      | Killed by an exploding killer bee... ignited by their inner
                  | flame

Illustrated notes

Levels and vault maps discovered:
D:1:      psy_arrival_terrarium, layout_loops_ring, grunt_decor_cap
D:2:      layout_basic
D:3:      layout_loops_ring, lemuel_blue_sif_altar, serial_bayou_pond_e,
          amcnicky_mini_pool_small, minmay_misc_feat_four_crosses
D:4:      layout_rooms, nicolae_yredelemnul_ghost_church
D:5:      layout_basic, kennysheep_generic_room_5

Skill      XL: |  1  2  3  4  5  6  7 |
---------------+----------------------+-----
Unarmed Combat | 1 2 3 4 5 6 7 |  7.0
Throwing       | 1 3 |  3.0
Dodging        | |  1.5
Stealth        | |  1.0
Spellcasting   | |  1.2
Necromancy     | |  3.2

Action                   |  1- 3 |  4- 6 |  7- 9 || total
-------------------------+-------+-------+-------++-------
Melee: Unarmed           |    84 |   157 |    21 ||   262
       Punch             |     1 |     2 |       ||     3
Throw: Boomerang         |       |    17 |    11 ||    28
 Cast: Pain              |    36 |     5 |       ||    41
  Use: Scroll            |       |       |     8 ||     8
       Potion            |       |       |     3 ||     3
Armor: Robe              |    33 |    36 |    13 ||    82
Dodge: Dodged            |    43 |    50 |    37 ||   130
